 Seeded DCSS version 0.28-a0-1510-gd0f6b136d3 (webtiles) character file.

Game seed: 20220115 (custom seed)

25 murtidash the Caller (level 2, 0/11 HPs)
             Began as a Felid Summoner on Jan 15, 2022.
             Constricted to death by a ball python (1 damage)
             ... on level 2 of the Dungeon.
             The game lasted 00:02:16 (1229 turns).

murtidash the Caller (Felid Summoner)               Turns: 1229, Time: 00:02:17

Health: 0/11       AC:  1    Str:  4    XL:     2   Next: 86%
Magic:  3/6        EV: 14    Int: 16    God:
Gold:   32         SH:  0    Dex: 16    Spells: 3/6 levels left
                                        Lives:  0   Deaths: 0

rFire   . . .      SeeInvis +   (weapon unavailable)
rCold   . . .      Faith    .   (shield unavailable)
rNeg    . . .      Spirit   .   (armour unavailable)
rPois   .          Reflect  .   (helmet unavailable)
rElec   .          Harm     .   (cloak unavailable)
rCorr   .          Rampage  .   (gloves unavailable)
Will    .....                   (boots unavailable)
Stlth   ++........              (no amulet)
HPRegen 0.03/turn               (no ring)
MPRegen 0.10/turn               (no ring)

@: constricted, quick
A: very small, claws 1, fangs 3, see invisible, speed 1, shaggy fur 1, stealthy
paws, no weapons or thrown items, no armour, multi-lived
a: no special abilities


You were on level 2 of the Dungeon.
You visited 1 branch of the dungeon, and saw 2 of its levels.

You collected 32 gold pieces.

Inventory:

Scrolls
 a - a scroll of vulnerability {unknown}
 b - a scroll of fog {unknown}


   Skills:
 - Level 2.6 Dodging
 - Level 2.6 Stealth
 + Level 2.6 Spellcasting
 + Level 4.4 Summonings


You had 3 spell levels left.
You knew the following spells:

 Your Spells              Type           Power      Damage    Failure   Level
g - Call Imp              Summ           16%        N/A       4%          2
Z - Summon Small Mammal   Summ           64%        N/A       3%          1

Your spell library contained the following spells:

 Spells                   Type           Power      Damage    Failure   Level
 Call Canine Familiar     Summ           16%        N/A       10%         3
 Summon Guardian Golem    Hex/Summ       9%         N/A       24%         3
 Summon Lightning Spire   Summ/Air       9%         N/A       61%         4


Dungeon Overview and Level Annotations

Branches:
Dungeon (1/15)

Altars:


Innate Abilities, Weirdness & Mutations

You have sharp claws.
You have razor-sharp teeth.
You have supernaturally acute eyesight. (SInv)
You cover ground quickly. (Speed+)
You are covered in fur. (AC +1)
Your paws help you pounce on unaware monsters.
You are incapable of wielding weapons or throwing items.
You cannot wear armour.
You gain extra lives every three experience levels.


Message History

You now have 2/6 mp.
Your rat disappears in a puff of smoke!
Your bat disappears in a puff of smoke!
You now have 32 gold pieces (gained 15).
A ball python comes into view.
MP restored: 6 You now have 5/6 mp.
Your quokka bites the ball python!
The ball python dies!
Your white imp disappears in a puff of smoke!
You see here a hobgoblin corpse.
You swap places.
A kobold comes into view. It is wielding a +0 dagger.
MP restored: 6 You now have 5/6 mp.
The kobold shouts!
Your quokka disappears in a puff of smoke!
You now have 4/6 mp.
You swap places.
Your rat completely misses the kobold.
A frilled lizard comes into view.
The kobold completely misses your rat.
Your rat closely misses the kobold.
The kobold closely misses your rat.
Your rat closely misses the kobold.
The kobold hits your rat with a +0 dagger.
Your rat dies!
Your rat's corpse disappears in a puff of smoke!
Something misses your quokka.
Your quokka barely misses the kobold.
Your quokka completely misses the kobold.
The kobold completely misses your quokka.
Your quokka bites the kobold.
The kobold misses your quokka.
Your quokka bites the kobold.
The kobold dies!
The frilled lizard barely misses your quokka.
The frilled lizard bites your quokka but does no damage.
Your quokka bites the frilled lizard.
The frilled lizard dies!
MP restored: 6 You swap places.
Things that are here:
a +0 dagger; a kobold corpse
b - a scroll labelled QODDOCL LIURU Your quokka disappears in a puff of smoke!
A quokka comes into view.
A beastly little devil appears in a puff of frigid air.
You now have 4/6 mp.
You swap places.
You swap places.
You swap places.
What are your orders? t - Meow!
Orders for allies: a - Attack new target. r - Retreat! s - Stop attacking. g - Guard the area. f - Follow me.
Anything else - Cancel.
Gang up on whom?
Aim: a quokka (ally target) Attack!
Your white imp gestures at the quokka.
The puff of frost hits the quokka!
The quokka dies!
Your white imp disappears in a puff of smoke!
A sourceless malevolence fills the Dungeon...
You fall into a shaft and drop 1 floor!
The shaft crumbles and collapses.
A goblin comes into view. It is wielding a +0 club.
Found a scroll labelled LUJYUJ MOY and a dark potion.
Found a stone staircase leading down.
MP restored: 6 A metallic apparition takes form in the air.
You now have 4/6 mp.
What are your orders? t - Meow!
Orders for allies: a - Attack new target. r - Retreat! s - Stop attacking. g - Guard the area. f - Follow me.
Anything else - Cancel.
Gang up on whom?
Aim: a goblin, wielding a +0 club (asleep, ally target) Attack!
The goblin shouts!
You hear an angry hiss. x3
A ball python comes into view.
An adder comes into view.
Your iron imp completely misses the goblin.
Your iron imp barely misses the ball python.
The goblin hits you with a +0 club.
You take 4 damage, and have 7/11 hp.
MASSIVE DAMAGE!!
You now have 3/6 mp.
The adder barely misses you.
Your quokka bites the goblin.
An endoplasm comes into view.
The goblin hits you with a +0 club.
* * * LOW HITPOINT WARNING * * *
You take 5 damage, and have 2/11 hp.
MASSIVE DAMAGE!!
You now have 2/6 mp.
Your quokka bites the goblin.
The goblin dies!
A rat comes into view.
The ball python bites you.
* * * LOW HITPOINT WARNING * * *
The ball python grabs you. The ball python constricts you.
You die...

.# #. . #. .
#.#.# #.##.#.#
#.#....##
#......########
##.?...........
#r..5.@........
#.#..rS#S######
##....## #.>.##
#J...# ...#...#
#!##...# ##
....# .....#


You could see an adder, an endoplasm, a ball python, a rat, a friendly iron imp
(summoned) and a friendly quokka (summoned).

Vanquished Creatures (collateral kills)
  A dart slug (D:1)
  A ball python (D:1)
  3 endoplasms (D:1)
  3 goblins
  A hobgoblin (D:1)
  5 jackals (D:1)
  A quokka (D:1)
  A bat (D:1)
  A frilled lizard (D:1)
  2 kobolds (D:1)
19 creatures vanquished.

Notes
Turn   | Place    | Note
-------+----------+-------------------------------------------
     0 | D:1      | murtidash the Felid Summoner began the quest for the Orb.
     0 | D:1      | Reached XP level 1. HP: 7/7 MP: 4/4
   640 | D:1      | Reached XP level 2. HP: 11/11 MP: 3/6
   718 | D:1      | Learned a level 2 spell: Call Imp
  1226 | D:2      | HP: 2/11 [goblin (5)]
  1229 | D:2      | Constricted to death by a ball python

Illustrated notes

Levels and vault maps discovered:
D:1:      saegor_arrival_fortress, layout_basic, shapermc_ecumenical_altar_petra
D:2:      layout_loops_ring, serial_shops, nicolae_shop_statue_plus,
          minmay_ruptured, uniq_robin

Action                   || total
-------------------------++-------
Melee: Unarmed           ||     5
 Cast: Summon Small Mamm ||    19
       Call Imp          ||     6
Dodge: Dodged            ||     6

Table legend: (Time is in decaauts)
 A = Elapsed time spent in this place.
 B = Non-inter-level travel time spent in this place.
 C = Inter-level travel time spent in this place.
 D = Time resting spent in this place.
 E = Time spent auto-exploring this place.
 F = Levels seen in this place.
 G = Mean time per level.
                   A        B        C        D        E       F      G
               +--------+--------+--------+--------+--------+-----+--------+
         Total |   1135 |   1135 |      0 |      0 |    945 |   2 |  567.5 |
       Dungeon |   1135 |   1135 |      0 |      0 |    945 |   2 |  567.5 |
               +--------+--------+--------+--------+--------+-----+--------+

Top non-repeatable levels by time:
     D:1: 1126 daAuts
     D:2: 9 daAuts

Table legend:
 A = Kills in this place as a percentage of kills in entire the game.
 B = Kills by you in this place as a percentage of kills by you in the entire game.
 C = Kills by friends in this place as a percentage of kills by friends in the entire game.
 D = Other kills in this place as a percentage of other kills in the entire game.
 E = Experience gained in this place as a percentage of experience gained in the entire game.
 F = Experience gained in this place divided by the number of levels of this place that you have seen.
                   A       B       C       D       E      F
               +-------+-------+-------+-------+-------+----------------------
         Total | 100.0 |   N/A | 100.0 |   N/A | 100.0 |  18.5
       Dungeon | 100.0 |   N/A | 100.0 |   N/A | 100.0 |  18.5
               +-------+-------+-------+-------+-------+----------------------
